AoeStats
← Jordan

Fortress

509741518Analyzed
2v2 RM · 3d ago on Sep 27, 2026· 65m 3s· 4 players
Game mode
Random Map
Map size
Normal (6 player)
Population
200
Speed
Normal
Resources
Standard
Victory
Conquest
Starting age
Dark Age
Ending age
Imperial Age
RankedLock teamsTeams togetherTeam positionsShared explorationLock speedFull tech treeHidden civsTurbo modeCheats
Victory
Defeat
🇬🇧 Spanish · United Kingdom
1008
+11
🇧🇪 Britons · Belgium
1003
+11
🇧🇪 Persians · Belgium
930
-13
🇪🇸 Cumans · Spain
843
-9
420 buddha
8:55 Feudal Age
10:29 Wheelbarrow
10:43 Double-Bit Axe
13:10 Castle Age
12:37 Bloodlines
12:29 Horse Collar
13:55 Scale Barding Armor
14:34 Hand Cart
15:25 Bow Saw
15:46 Stone Mining
16:06 Heavy Plow
19:01 Hand Cart
21:36 Town Watch
21:44 Town Watch
24:15 Gold Mining
24:28 Elite Skirmisher
27:47 Imperial Age
25:56 Fletching
26:28 Chain Barding Armor
27:24 Bodkin Arrow
27:31 Padded Archer Armor
31:54 Leather Archer Armor
33:40 Ballistics
34:21 Chemistry
33:56 Ring Archer Armor
33:38 Forging
34:04 Plate Barding Armor
35:33 Elite War Elephant
37:44 Two-Man Saw
40:41 Iron Casting
40:45 Husbandry
40:09 Cavalier
42:45 Caravan
51:19 Conscription
52:55 Savar
54:25 Conscription
albertondt
6:59 Feudal Age
7:14 Loom
14:35 Castle Age
13:22 Double-Bit Axe
13:21 Horse Collar
14:11 Town Watch
19:11 Wheelbarrow
19:15 Scale Barding Armor
20:38 Bloodlines
20:42 Forging
20:44 Steppe Husbandry
22:32 Iron Casting
22:21 Chain Barding Armor
22:05 Heavy Plow
24:41 Iron Casting
28:28 Fletching
28:40 Padded Archer Armor
32:38 Imperial Age
30:27 Hand Cart
32:31 Ballistics
32:10 Bodkin Arrow
32:41 Caravan
32:39 Gold Mining
32:40 Stone Mining
33:53 Conscription
33:42 Elite Steppe Lancer
35:25 Blast Furnace
34:44 Capped Ram
37:39 Town Patrol
38:02 Leather Archer Armor
51:57 Plate Barding Armor
55:29 Siege Ram
59:10 Cuman Mercenaries
59:49 Ring Archer Armor
59:21 Scale Mail Armor
60:23 Chemistry
61:13 Parthian Tactics
60:50 Elite Kipchak
Jordan
8:20 Feudal Age
12:17 Castle Age
10:20 Double-Bit Axe
10:28 Horse Collar
13:02 Gold Mining
13:22 Loom
16:30 Bow Saw
21:27 Wheelbarrow
22:02 Fletching
22:21 Husbandry
23:13 Bodkin Arrow
25:00 Hand Cart
24:49 Padded Archer Armor
26:18 Leather Archer Armor
29:02 Ballistics
28:55 Fortified Wall
29:01 Bloodlines
29:43 Forging
29:38 Scale Barding Armor
33:24 Scale Mail Armor
33:59 Iron Casting
33:45 Chain Barding Armor
34:49 Pikeman
35:30 Squires
35:50 Chain Mail Armor
43:10 Imperial Age
44:49 Conscription
44:41 Halberdier
50:28 Elite Conquistador
51:30 Supremacy
51:13 Inquisition
51:44 Light Cavalry
57:55 Hussar
64:26 Plate Barding Armor
64:51 Blast Furnace
63:53 Bracer
64:23 Ring Archer Armor
Loki.
6:49 Loom
9:31 Feudal Age
10:21 Double-Bit Axe
14:24 Castle Age
12:59 Fletching
13:10 Padded Archer Armor
14:23 Gold Mining
14:16 Horse Collar
14:31 Stone Mining
15:26 Bow Saw
18:02 Bodkin Arrow
20:22 Ballistics
19:47 Treadmill Crane
22:06 Wheelbarrow
21:26 Pikeman
23:28 Heavy Plow
25:01 Squires
25:14 Forging
24:44 Elite Skirmisher
25:02 Elite Skirmisher
28:15 Iron Casting
27:40 Scale Mail Armor
27:56 Leather Archer Armor
28:27 Gold Shaft Mining
27:42 Town Watch
31:42 Imperial Age
29:30 Crossbowman
33:05 Conscription
33:06 Bracer
33:37 Ring Archer Armor
34:09 Chemistry
34:40 Hand Cart
37:03 Two-Man Saw
36:04 Capped Ram
38:32 Blast Furnace
37:48 Chain Mail Armor
38:12 Halberdier
39:36 Yeomen
40:33 Warwolf
42:05 Arbalester
45:06 Elite Longbowman
Connection lost

Rejoining the realm…

Still unreachable

The connection could not be restored.

Session expired

The server has moved on; the page needs a fresh start.